 Dungeon Crawl Stone Soup version 0.29-a0-231-g945431f764 (webtiles) character file.

Game seed: 5218050947578789505

684 CryoSword the Skirmisher (level 7, -2/78 HPs)
             Began as an Ogre Berserker on Mar 1, 2022.
             Was a Believer of Trog.
             Slain by a water moccasin (4 damage)
             ... on level 4 of the Dungeon.
             The game lasted 00:06:59 (5054 turns).

CryoSword the Skirmisher (Ogre Berserker)           Turns: 5054, Time: 00:06:59

Health: -2/78      AC:  3    Str: 24    XL:     7   Next: 62%
Magic:  2/2        EV: 10    Int:  8    God:    Trog [**....]
Gold:   60         SH:  0    Dex:  8    Spells: 6/6 levels left

rFire   . . .      SeeInvis .   m - +2 demon blade (antimagic)
rCold   . . .      Faith    .   (no shield)
rNeg    . . .      Spirit   .   b - +0 animal skin
rPois   .          Reflect  .   (helmet restricted)
rElec   .          Harm     .   (no cloak)
rCorr   .          Rampage  .   (gloves unavailable)
Will    ++...                   (boots unavailable)
Stlth   +.........              p - amulet of the acrobat
HPRegen 1.23/turn               (no ring)
MPRegen 0.08/turn               (no ring)

@: lethally poisoned (-2 -> -3), strong-willed, regenerating
A: large, unfitting armour, tough skin 1
a: Renounce Religion, Berserk, Trog's Hand


You were on level 4 of the Dungeon.
You worshipped Trog.
Trog was pleased with you.
You visited 1 branch of the dungeon, and saw 5 of its levels.

You collected 110 gold pieces.
You spent 50 gold pieces at shops.

Inventory:

Hand Weapons
 m - a +2 antimagic demon blade (weapon)
   (You found it on level 2 of the Dungeon)
 r - a +0 flail
   (You took it off an orc on level 3 of the Dungeon)
Armour
 b - a +0 animal skin (worn)
Jewellery
 p - an amulet of the acrobat (around neck)
   (You found it on level 3 of the Dungeon)
Scrolls
 a - a scroll of summoning {unknown}
 c - 7 scrolls of identify {unknown}
 d - 4 scrolls of fear {unknown}
 f - a scroll of brand weapon {unknown}
 g - a scroll of enchant weapon {unknown}
 h - 3 scrolls of teleportation {unknown}
 l - a scroll of fog {unknown}
 o - 2 scrolls of vulnerability {unknown}
 q - a scroll of immolation {unknown}
 s - a scroll of torment {unknown}
Potions
 e - 2 potions of might
 i - 2 potions of cancellation {unknown}
 j - a potion of attraction {unknown}
 k - 2 potions of ambrosia {unknown}
 n - a potion of magic {unknown}


   Skills:
 + Level 7.2 Fighting
 * Level 6.6 Maces & Flails
 - Level 2.6 Dodging


You had 6 spell levels left.
You didn't know any spells.
Your spell library was empty.

Dungeon Overview and Level Annotations

Branches:
Dungeon (5/15)
 Temple: D:4-7

Altars:
Yredelemnul
Beogh

Shops:
D:4 !


Innate Abilities, Weirdness & Mutations

You are too large for most types of armour.
You have tough skin. (AC +1)


Message History

You slash the iguana!
You kill the iguana!
Trog accepts your kill.
You see here an iguana corpse.
There is a stone staircase leading up here.
A red film seems to cover your vision as you go berserk!
You feel yourself moving faster!
You feel mighty!
You slash the black bear! The black bear closely misses you.
The black bear claws you but does no damage.
The black bear claws you.
You slash the black bear! The black bear completely misses you.
The black bear claws you.
The black bear claws you but does no damage.
You slash the black bear!
You kill the black bear!
Trog accepts your kill.
Your Fighting skill increases to level 7!
You climb upwards.
You feel a strong urge to attack something.
There is a stone staircase leading down here.
You start resting.
You are no longer berserk.
You are exhausted.
You feel yourself slow down.
You start resting.
You feel yourself speed up.
You start resting.
You recover from your berserk rage.
You climb downwards.
There is a stone staircase leading up here.
Found a whip.
Found a hand axe.
Found a stone staircase leading down.
A scorpion comes into view.
A scorpion is nearby!
The scorpion misses you.
You barely miss the scorpion. The scorpion stings you.
The scorpion barely misses you.
You closely miss the scorpion.
The scorpion stings you but does no damage. x2
You slash the scorpion! The scorpion barely misses you.
You slash the scorpion!
You kill the scorpion!
Trog accepts your kill.
No target in view!
An iguana comes into view.
The iguana hisses angrily.
An iguana is nearby!
An iguana is nearby!
An ufetubus comes into view.
The iguana completely misses you.
You hit the iguana. The iguana bites you! The iguana closely misses you.
You closely miss the iguana. You punch the iguana, but do no damage.
The ufetubus misses you. The ufetubus hits you. x2
The ufetubus barely misses you. The iguana bites you! The ufetubus hits you.
The ufetubus barely misses you. The ufetubus misses you.
The ufetubus completely misses you. The ufetubus closely misses you.
The ufetubus completely misses you. The ufetubus hits you.
The ufetubus misses you. The ufetubus completely misses you.
The ufetubus misses you.
You hit the ufetubus. The ufetubus barely misses you.
The ufetubus completely misses you. The ufetubus closely misses you.
The ufetubus hits you.
You slash the ufetubus!
You kill the ufetubus!
Trog accepts your kill.
A red film seems to cover your vision as you go berserk!
You feel yourself moving faster!
You feel mighty! The iguana bites you.
You slash the iguana!
You kill the iguana!
Trog accepts your kill.
You feel a strong urge to attack something.
You feel your anger nearly subside.
You are no longer berserk.
You are exhausted.
You feel yourself slow down.
You start resting.
You feel yourself speed up.
You start resting.
You recover from your berserk rage.
You start resting.
s - a scroll labelled IPAASU JACHI
Found a stone staircase leading down.
A gnoll comes into view. It is wielding a +0 whip.
The gnoll shouts!
You hear a shout! x5
A gnoll is nearby!
A gnoll is nearby!
A gnoll sergeant and 2 gnolls come into view.
The gnoll sergeant is wielding a +2 spear of venom.
The gnoll sergeant shouts!
The gnoll shouts!
Found a stone staircase leading down.
You hit the gnoll.
A water moccasin comes into view.
A necrophage comes into view.
A gnoll comes into view. It is wielding a +0 club.
The water moccasin hisses angrily.
The gnoll barely misses you.
There is a stone staircase leading down here.
There is a stone staircase leading down here.
The gnoll completely misses you. The water moccasin barely misses you.
You hit the water moccasin. The water moccasin barely misses you.
The water moccasin bites you.
You barely miss the water moccasin. The water moccasin closely misses you.
The water moccasin bites you.
You closely miss the water moccasin. The water moccasin barely misses you.
The water moccasin misses you.
The water moccasin completely misses you.
The water moccasin closely misses you.
You slash the water moccasin! The water moccasin closely misses you.
The gnoll sergeant hits you from afar with a +2 spear of venom!
You are poisoned.
You feel very sick. The water moccasin bites you.
You are more poisoned.
The water moccasin poisons you!
You feel very sick.
You feel very sick.
The water moccasin completely misses you.
You feel very sick.
You see here an iguana skeleton.
You feel very sick.
You see here a black bear skeleton.
You feel very sick.
The water moccasin completely misses you.
There is a stone staircase leading up here.
You feel sick.
The gnoll sergeant hits you from afar with a +2 spear of venom.
* * * LOW HITPOINT WARNING * * *
You are lethally poisoned!
The water moccasin barely misses you.
You climb upwards.
* * * LOW HITPOINT WARNING * * *
You feel extremely sick.
There is a stone staircase leading down here.
Your skin crawls.
You feel strong-willed.
You feel very sick. The water moccasin bites you!
* * * LOW HITPOINT WARNING * * *
The water moccasin barely misses you.
You hit the water moccasin.
* * * LOW HITPOINT WARNING * * *
You feel very sick.
The water moccasin bites you but does no damage.
You slash the water moccasin!
You punch the water moccasin, but do no damage.
* * * LOW HITPOINT WARNING * * *
You feel very sick. The water moccasin bites you.
You die...

##.....# ####♣♣♣.♣....#
##........♣...#####
###..♣....♣.♣♣..#..(# ######
#......♣♣.♣♣.♣♣.#.#.# #.....
#.##♣.♣♣...♣♣...#.#.# #.....
#.##...♣._...♣..(.#.# #####.....
..#...♣....♣......#.####..†......
.##.♣..♣♣♣♣♣..♣.@.#..............
....#♣..♣...♣♣..S...####....#####
...#..♣♣.♣.♣♣###.##......##.## #
........♣♣♣♣####.##...#####..# #
...#######.##....#..#.# ##.## #
#### #..#.####.##|## #..### #
##...###..##..### ##..#. ##
####..##..##.....# #.... .#
#................####..##


You could see a water moccasin.

Vanquished Creatures
  A black bear (D:5)
  A bullfrog (D:4)
  A necrophage (D:4)
  2 scorpions
  A hound (D:4)
  4 iguanas
  2 hound zombies (D:4)
  A hound skeleton (D:3)
  A howler monkey zombie (D:4)
  6 adders
  An ufetubus (D:5)
  An adder zombie (D:4)
  An adder skeleton (D:3)
  A worm (D:4)
  4 dart slugs
  3 orcs (D:3)
  4 ball pythons
  7 endoplasms
  3 giant cockroaches
  17 hobgoblins
  9 jackals
  4 quokkas
  9 bats
  4 frilled lizards
  7 goblins
  6 kobolds
  2 quokka zombies
  2 rats
105 creatures vanquished.

Vanquished Creatures (others)
  2 withered plants (D:3)
2 creatures vanquished.

Grand Total: 107 creatures vanquished

Notes
Turn   | Place    | Note
-------+----------+-------------------------------------------
     0 | D:1      | CryoSword the Ogre Berserker began the quest for the Orb.
     0 | D:1      | Reached XP level 1. HP: 24/24 MP: 1/1
    43 | D:1      | Reached XP level 2. HP: 27/32 MP: 2/2
   712 | D:1      | Reached XP level 3. HP: 32/40 MP: 3/3
  1672 | D:2      | Reached XP level 4. HP: 49/49 MP: 4/4
  1755 | D:2      | Reached ** piety under Trog
  1886 | D:2      | Reached skill level 5 in Fighting
  2530 | D:3      | Reached XP level 5. HP: 57/57 MP: 1/5
  3532 | D:3      | Found a faded altar of an unknown god.
  3671 | D:4      | Found Onkecvu's Distillery.
  3685 | D:4      | Bought a potion of might for 40 gold pieces
  3685 | D:4      | Bought a potion of degeneration for 10 gold pieces
  3705 | D:4      | Reached skill level 5 in Maces & Flails
  3729 | D:4      | Reached skill level 6 in Fighting
  3729 | D:4      | Reached XP level 6. HP: 42/67 MP: 2/6
  4145 | D:4      | Identified the +1 dagger of Pestilence {venom, Str-4 Int+5}
  4211 | D:4      | Reached XP level 7. HP: 63/76 MP: 2/7
  4489 | D:4      | Found a basalt altar of Yredelemnul.
  4729 | D:5      | Entered Level 5 of the Dungeon
  4751 | D:5      | Reached skill level 7 in Fighting
  5054 | D:4      | HP: 2/78 [poisoned by a gnoll sergeant]
  5054 | D:4      | Slain by a water moccasin

Illustrated notes

Levels and vault maps discovered:
D:1:      eino_arrival_cavern_a, layout_basic, st_stairs_9
D:2:      layout_basic, minmay_3d_cube
D:3:      layout_basic, serial_undead, serial_undead_e, serial_undead_a,
          serial_undead_f, serial_undead_f,
          hellmonk_ecumenical_altar_defaced_shrine, grunt_ministairs_2,
          st_stairs_6
D:4:      layout_rooms, nicolae_yredelemnul_corpse_copse, serial_shops,
          nicolae_diamond_shop
D:5:      layout_rooms, temple_pool_b, kennysheep_cluttered_room,
          uniq_blork_the_orc, uniq_crazy_yiuf_cottage

Skill      XL: |  1  2  3  4  5  6  7 |
---------------+----------------------+-----
Maces & Flails | 3 4 5 6 |  6.6
Fighting       | 5 6 7 |  7.2
Dodging        | |  2.6

Action                   |  1- 3 |  4- 6 |  7- 9 || total
-------------------------+-------+-------+-------++-------
Melee: Mace              |    90 |    54 |       ||   144
       Punch             |     2 |     2 |     2 ||     6
       Demon blade       |       |   139 |    58 ||   197
Invok: Berserk           |     2 |     4 |     2 ||     8
       Trog's Hand       |       |       |     1 ||     1
Armor: Animal skin       |    34 |    53 |    14 ||   101
Dodge: Dodged            |    61 |   148 |    58 ||   267

Table legend: (Time is in decaauts)
 A = Elapsed time spent in this place.
 B = Non-inter-level travel time spent in this place.
 C = Inter-level travel time spent in this place.
 D = Time resting spent in this place.
 E = Time spent auto-exploring this place.
 F = Levels seen in this place.
 G = Mean time per level.
                   A        B        C        D        E       F      G
               +--------+--------+--------+--------+--------+-----+--------+
         Total |   5233 |   5014 |    219 |    637 |   3495 |   5 | 1046.6 |
       Dungeon |   5233 |   5014 |    219 |    637 |   3495 |   5 | 1046.6 |
               +--------+--------+--------+--------+--------+-----+--------+

Top non-repeatable levels by time:
     D:1: 1376 daAuts
     D:2: 1212 daAuts
     D:3: 1185 daAuts
     D:4: 1166 daAuts
     D:5: 293 daAuts
